 Dungeon Crawl Stone Soup version 0.27-a0-828-g8289197e94 (webtiles) character file.

Game seed: 9042802739267139314

1179 robertstho the Magician (level 8, -2/56 HPs)
             Began as a Djinni Fire Elementalist on Mar 30, 2021.
             Slain by a centaur (3 damage)
             ... on level 5 of the Dungeon.
             The game lasted 00:13:12 (7284 turns).

robertstho the Magician (Djinni Fire Elementalist)  Turns: 7284, Time: 00:13:12

Health: -2/56      AC:  4    Str:  7    XL:     8   Next: 42%
Gold:   207        EV: 13    Int: 19    God:
                   SH:  0    Dex: 20

rFire    + + +     SeeInvis .   d - +2 long sword (vamp)
rCold    x . .     Faith    .   (no shield)
rNeg     . . .     Spirit   .   a - +1 robe
rPois    ∞         Reflect  .   (no helmet)
rElec    .         Harm     .   j - +0 cloak
rCorr    .         Rampage  .   (no gloves)
Will     .....                  (boots unavailable)
Stlth    +++.......             (no amulet)
HPRegen  0.18/turn              l - +6 ring of dexterity
MPRegen  0.00/turn              n - ring of protection from fire

@: mighty, about to teleport, flying
A: fire resistance 2, cold vulnerability 1, float, innate caster, hp casting,
extra vitality 1
a: no special abilities


You were on level 5 of the Dungeon.
You visited 1 branch of the dungeon, and saw 5 of its levels.
You also visited: Sewer.

You collected 207 gold pieces.

Inventory:

Hand Weapons
 b - a +0 flail
 d - a +2 vampiric long sword (weapon)
 t - a +3 dire flail of protection
Armour
 a - a +1 robe (worn)
 j - a +0 cloak (worn)
Jewellery
 l - a +6 ring of dexterity (left hand)
 n - a ring of protection from fire (right hand)
 r - an amulet of faith
 s - a ring of resist corrosion
Wands
 c - a wand of acid (8)
 m - a wand of digging (6)
Scrolls
 e - a scroll of magic mapping
 f - a scroll of enchant armour
 h - 2 scrolls of teleportation
 k - a scroll of amnesia {unknown}
 o - a scroll of fear {unknown}
Potions
 g - a potion of brilliance
 p - 2 potions of invisibility
 q - a potion of mutation


   Skills:
 * Level 3.4 Fighting
 + Level 1.6 Long Blades
 + Level 3.0 Dodging
 + Level 2.8 Stealth
 * Level 7.3 Spellcasting


You couldn't memorise any spells.
You knew the following spells:

 Your Spells              Type           Power      Damage    Failure   Level
a - Foxfire               Conj/Fire      100%       2x1d9     1%          1
b - Conjure Flame         Conj/Fire      34%        6-21      1%          3
c - Inner Flame           Hex/Fire       34%        N/A       1%          3
d - Sticky Flame          Conj/Fire      34%        2d5       4%          4
e - Fireball              Conj/Fire      17%        3d9       13%         5
f - Freeze                Ice            100%       1d11      1%          1
g - Corpse Rot            Necr/Air       N/A        N/A       1%          2
h - Ozocubu's Armour      Ice            34%        N/A       1%          3
Your spell library was empty.

Dungeon Overview and Level Annotations

Branches:
Dungeon (5/15)             Temple (0/1) D:4           Sewer (visited)

Altars:
Kikubaaqudgha
Sif Muna
Vehumet
The Shining One


Innate Abilities, Weirdness & Mutations

You are immune to poison.
Your flesh is very heat resistant. (rF++)
You are vulnerable to cold. (rC-)
You float through the air rather than walking.
You learn spells naturally, not from books.
Your magical power is your life essence.
You have superior vitality. (+4 HP)


Message History

The centaur shoots an arrow.
The arrow hits you!
The centaur shoots an arrow.
The arrow hits you! The sky beast hits you. The sky beast shocks you.
Casting: Foxfire (safe; 1% risk of failure)
Confirm with . or Enter, or press ? or * to list all spells.
Aiming: Sticky Flame (dangerous; 5% risk of failure)
Press: ? - help, Shift-Dir - straight line, f - sky beast
Aim: a sky beast (0% to evade)
The sticky flame hits the sky beast.
The sky beast is lightly wounded.
The sky beast is covered in liquid flames!
* * * LOW HITPOINT WARNING * * *
The sky beast burns!
The sky beast closely misses you.
You riposte.
You hit the sky beast.
You feel better.
The sky beast is moderately wounded.
It was a potion of might.
You feel very mighty all of a sudden.
The sky beast burns!
The sky beast hits you.
* * * LOW HITPOINT WARNING * * *
The sky beast shocks you.
* * * LOW HITPOINT WARNING * * *
As you read the scroll of teleportation, it crumbles to dust.
You feel strangely unstable.
The sky beast burns!
The sky beast completely misses you.
You riposte.
You slash the sky beast!
You kill the sky beast!
Your Dodging skill increases to level 3!
Unknown command.
Casting: Sticky Flame (dangerous; 4% risk of failure)
Confirm with . or Enter, or press ? or * to list all spells.
Aiming: Sticky Flame (dangerous; 4% risk of failure)
Press: ? - help, Shift-Dir - straight line, f - centaur
Aim: a centaur, wielding a +0 shortbow and quivering arrows (0% to evade)
The sticky flame hits the centaur.
The centaur is lightly wounded.
The centaur is covered in liquid flames!
* * * LOW HITPOINT WARNING * * *
The centaur burns!
The centaur unwields a +0 shortbow.
The centaur hits you.
* * * LOW HITPOINT WARNING * * *
The centaur misses you. The centaur hits you.
You die...

......#..# #...#
#.>...........#.###.###...#
.............##. #.......##
........c....## ##....###
.............# ..##....###
............. ...........
............## ####........
#........##..# #.##......#.
..........@..###.......##..
.........c...#...###.#^....
...........#...#.#.#..##..#
#..........#..###....###..#
#...##..(###### #......#..#
#... ###.# #..#.....## ###
### ######..## ##.# ###


You could see a centaur (burning).

Vanquished Creatures
  Edmund (D:5)
  Duvessa (D:4)
  A sky beast (D:5)
  A black bear (D:5)
  2 ogres
  Blork the orc (D:4)
  A water moccasin zombie (D:5)
  Dowan (D:4)
  A jelly (D:4)
  Crazy Yiuf (D:2)
  A hound (D:5)
  2 orc priests (D:4)
  Terence (D:2)
  Ijyb (D:3)
  4 adders
  4 gnolls
  A river rat (D:4)
  A dart slug (D:3)
  6 worms (Sewer)
  10 orcs
  14 endoplasms
  6 giant cockroaches
  7 goblins
  13 hobgoblins
  11 jackals
  3 quokkas
  13 ball pythons
  10 bats
  3 frilled lizards
  6 kobolds
  A quokka skeleton (D:4)
  9 rats
138 creatures vanquished.

Vanquished Creatures (others)
  392 foxfires
  2 fungi (D:2)
394 creatures vanquished.

Grand Total: 532 creatures vanquished

Notes
Turn   | Place    | Note
-------+----------+-------------------------------------------
     0 | D:1      | robertstho the Djinni Fire Elementalist began the quest for
                  | the Orb.
     0 | D:1      | Reached XP level 1. HP: 15/15 MP: 0/0
   110 | D:1      | Reached skill level 3 in Spellcasting
   110 | D:1      | Reached XP level 2. HP: 16/21 MP: 0/0
   411 | D:1      | Reached XP level 3. HP: 12/26 MP: 0/0
   411 | D:1      | Learned a level 1 spell: Freeze
  1193 | D:1      | Found Keff's Magic Scroll Shoppe.
  1405 | D:2      | Noticed Terence
  1429 | D:2      | Killed Terence
  1430 | D:2      | Reached XP level 4. HP: 25/31 MP: 0/0
  1580 | D:2      | Reached skill level 4 in Spellcasting
  2107 | D:2      | Reached skill level 1 in Fighting
  2594 | D:2      | Found a runed translucent door.
  2595 | D:2      | Noticed Crazy Yiuf
  2640 | D:2      | Killed Crazy Yiuf
  2641 | D:2      | Reached XP level 5. HP: 28/37 MP: 0/0
  2641 | D:2      | Learned a level 2 spell: Corpse Rot
  3198 | D:3      | Noticed Ijyb
  3212 | D:3      | HP: 1/37 [acid (12)]
  3214 | D:3      | Killed Ijyb
  3843 | D:3      | Found a glowing golden altar of the Shining One.
  3964 | D:4      | Noticed Blork the orc
  3975 | D:4      | Killed Blork the orc
  3976 | D:4      | Reached skill level 5 in Spellcasting
  3976 | D:4      | Reached XP level 6. HP: 14/43 MP: 0/0
  4222 | D:4      | Found a glowing drain.
  4245 | Sewer    | Entered a sewer
  5240 | D:4      | Reached XP level 7. HP: 42/49 MP: 0/0
  5240 | D:4      | Learned a level 3 spell: Ozocubu's Armour
  5477 | D:4      | Found a staircase to the Ecumenical Temple.
  5575 | D:4      | Noticed Dowan
  5580 | D:4      | Noticed Duvessa
  5582 | D:4      | Killed Dowan
  5983 | D:4      | Reached skill level 6 in Spellcasting
  6000 | D:4      | Killed Duvessa
  6001 | D:4      | Reached skill level 1 in Long Blades
  6466 | D:5      | Entered Level 5 of the Dungeon
  6726 | D:5      | Reached XP level 8. HP: 45/56 MP: 0/0
  6808 | D:5      | Noticed Edmund
  6814 | D:5      | Killed Edmund
  6815 | D:5      | Reached skill level 7 in Spellcasting
  7284 | D:5      | HP: 1/56 [centaur (3)]
  7284 | D:5      | Slain by a centaur

Illustrated notes

Levels and vault maps discovered:
D:1:      roderic_chinese_lattice_arrival, layout_loops_cross, serial_shops,
          shop_scrolls, minmay_unequal
D:2:      layout_loops_corners, minmay_misc_feat_secret_circle, minivault_14,
          uniq_terence, uniq_crazy_yiuf_cottage
D:3:      layout_loops_ring, nicolae_tso_swordbearing_angel,
          kennysheep_generic_room_5, uniq_ijyb
D:4:      layout_basic, grunt_temple_overflow_magic_moments, temple_statues,
          portal_sewer_entry_a, serial_corexii_hall,
          chequers_hall_statues_wall_a, corexii_hall_statues_x,
          corexii_hall_statues_s, corexii_hall_statues_x, minmay_liquid_box,
          minmay_checkerbox, uniq_blork_the_orc, uniq_duvessa
D:5:      layout_cave_pools, ebering_ghost_sewer_d, serial_shops, shop,
          hex_medium, uniq_edmund

Skill      XL: |  1  2  3  4  5  6  7  8 |
---------------+-------------------------+-----
Spellcasting   | 3 4 5 6 7 |  7.3
Fighting       | 1 2 3 |  3.4
Stealth        | 2 |  2.8
Long Blades    | 1 |  1.6
Dodging        | 3 |  3.0

Action                   |  1- 3 |  4- 6 |  7- 9 || total
-------------------------+-------+-------+-------++-------
Melee: Flail             |     1 |       |       ||     1
       Long sword        |       |     7 |    11 ||    18
 Cast: Foxfire           |    51 |   147 |    34 ||   232
       Sticky Flame      |       |     4 |     7 ||    11
       Fireball          |       |       |     7 ||     7
Evoke: Wand              |       |       |     1 ||     1
  Use: Scroll            |     3 |     7 |     2 ||    12
       Potion            |       |     2 |     3 ||     5
 Stab: Sleeping          |     1 |       |     1 ||     2
Armor: Robe              |     1 |     7 |     4 ||    12
Dodge: Dodged            |    11 |    27 |    23 ||    61
       Rpst.: Long sword |       |     8 |     7 ||    15

Table legend: (Time is in decaauts)
 A = Elapsed time spent in this place.
 B = Non-inter-level travel time spent in this place.
 C = Inter-level travel time spent in this place.
 D = Time resting spent in this place.
 E = Time spent auto-exploring this place.
 F = Levels seen in this place.
 G = Mean time per level.
                   A        B        C        D        E       F      G
               +--------+--------+--------+--------+--------+-----+--------+
         Total |   7276 |   7099 |    177 |     83 |   6039 |   6 | 1212.7 |
       Dungeon |   6563 |   6386 |    177 |     83 |   5484 |   5 | 1312.6 |
         Sewer |    713 |    713 |      0 |      0 |    555 |   1 |  713.0 |
               +--------+--------+--------+--------+--------+-----+--------+

Top non-repeatable levels by time:
     D:4: 1854 daAuts
     D:2: 1498 daAuts
     D:1: 1320 daAuts
     D:3: 1070 daAuts
     D:5: 819 daAuts
   Sewer: 713 daAuts
